[Event "Early-Titled-Tuesday-Blitz-September-26-2023"]
[Site "Chess.com"]
[Date "2023.09.26"]
[Round "10"]
[White "RamonManon0g"]
[Black "elegant285"]
[Result "0-1"]
[WhiteElo "2281"]
[BlackElo "2394"]
[TimeControl "180+1"]
[EndTime "9:51:47 PDT"]
[Termination "elegant285 won by resignation"]

1. e4 d5 2. exd5 Nf6 3. Nc3 Nxd5 4. f3 e5 5. Bc4 Nxc3 6. dxc3 Qh4+ 7. g3 Qxc4 8. Ne2 Bc5 9. b3 Qe6 10. Bb2 O-O 11.
Qd3 Qg6 12. Qd2 Nc6 13. O-O-O Be6 14. c4 Rad8 15. Qc3 Nd4 16. Nxd4 Bxd4 17. Qa5 Bf5 18. c3 Be3+ 19. Rd2 Rxd2 0-1

[Event "Early-Titled-Tuesday-Blitz-September-26-2023"]
[Site "Chess.com"]
[Date "2023.09.26"]
[Round "10"]
[White "Cheer_Down"]
[Black "Javylavilla"]
[Result "1-0"]
[WhiteElo "2472"]
[BlackElo "2334"]
[TimeControl "180+1"]
[EndTime "9:51:59 PDT"]
[Termination "Cheer_Down won by resignation"]

1. e4 e6 2. d4 d5 3. Nc3 Bb4 4. e5 c5 5. a3 Bxc3+ 6. bxc3 Qc7 7. h4 Ne7 8. h5 cxd4 9. cxd4 Qc3+ 10. Bd2 Qxd4 11.
Nf3 Qe4+ 12. Be2 Nbc6 13. Rh4 Qxh4 14. Nxh4 Nxe5 15. h6 N5g6 16. hxg7 Rg8 17. Nxg6 hxg6 18. Bc3 Bd7 19. Bf6 Nf5 20. g4 Nxg7 21. Qd4 e5 22.
Qxd5 Bxg4 23. Bxg7 1-0

[Event "Early-Titled-Tuesday-Blitz-September-26-2023"]
[Site "Chess.com"]
[Date "2023.09.26"]
[Round "10"]
[White "spotbet"]
[Black "SharapovEvgeny"]
[Result "1/2-1/2"]
[WhiteElo "2402"]
[BlackElo "2581"]
[TimeControl "180+1"]
[EndTime "9:52:14 PDT"]
[Termination "Game drawn by agreement"]

1. d4 Nf6 2. Bf4 d5 3. Nc3 c6 4. Nf3 Qb6 5. Qc1 Bf5 6. e3 g6 7. h3 Ne4 8. Nxe4 Bxe4 9. Be2 Bxf3 10. Bxf3 Bg7 11. O-O O-O 12. c4 Nd7 13. cxd5 cxd5 14.
Bxd5 e5 15. dxe5 Nxe5 16. Bxe5 Bxe5 17. Rb1 Rfd8 18. e4 Rac8 19. Qg5 Qf6 20. Qxf6 Bxf6 21.
Bxb7 Rc2 22. Bd5 Rxb2 23. Rxb2 Bxb2 24. Rb1 Rb8 25. Kf1 Kf8 26. Ke2 Ke7 27. Kd3 Be5 28.
Bb3 Rc8 29. g3 g5 30. Rf1 Rc3+ 31. Kd2 Rf3 32. Ke2 Rc3 33. f4 gxf4 34. gxf4 Bd4 35. Rd1 Re3+ 36. Kf1 Rxe4 37. f5 Rf4+ 38. Kg2 Bb6 39. Rf1 Rxf1 40. Kxf1 Kf6 41. Bc2 Ke5 42. Kg2 h6 43. Kf3 f6 44. Kg4 Bc5 45. Kh5 Be3 46. Kg6 Bf4 47. h4 1/2-1/2

[Event "Early-Titled-Tuesday-Blitz-September-26-2023"]
[Site "Chess.com"]
[Date "2023.09.26"]
[Round "10"]
[White "AttilaTurzo"]
[Black "LeoWin2012"]
[Result "1-0"]
[WhiteElo "2470"]
[BlackElo "2333"]
[TimeControl "180+1"]
[EndTime "9:52:14 PDT"]
[Termination "AttilaTurzo won by checkmate"]

1. d4 d5 2. Bf4 Nf6 3. e3 e6 4. Nf3 Bd6 5. Nbd2 Bxf4 6. exf4 Qd6 7. g3 c5 8. c3 Nc6 9. dxc5 Qxc5 10. Bd3 O-O 11.
O-O Re8 12. Qe2 Qd6 13. Rfe1 Nd7 14. Rad1 e5 15. Nc4 Qc7 16. Ncxe5 f6 17. Bxh7+ Kxh7 18. Ng5+ Kg8 19. Qh5 Ndxe5 20. Qxe8# 1-0

[Event "Early-Titled-Tuesday-Blitz-September-26-2023"]
[Site "Chess.com"]
[Date "2023.09.26"]
[Round "10"]
[White "djokovic74"]
[Black "noblerone"]
[Result "1-0"]
[WhiteElo "2675"]
[BlackElo "2493"]
[TimeControl "180+1"]
[EndTime "9:52:34 PDT"]
[Termination "djokovic74 won by resignation"]

1. e4 d5 2. exd5 Qxd5 3. Nc3 Qd8 4. Nf3 Nf6 5. d4 Bg4 6. Be2 e6 7. O-O c6 8. h3 Bxf3 9. Bxf3 Bd6 10. Ne4 Nxe4 11. Bxe4 Nd7 12. c3 Nf6 13. Bc2 Bc7 14. Qf3 Qd6 15. g3 Qd5 16. Qxd5 cxd5 17. Bg5 Bd8 18.
Bxf6 Bxf6 19. Kg2 Ke7 20. Bd3 Kd6 21. Rfe1 Rhc8 22. f4 a6 23. f5 h6 24. fxe6 fxe6 25. Re2 Re8 26. Rae1 Re7 27. Bc2 Rc8 28. Bb3 b5 29.
Bd1 e5 30. dxe5+ Rxe5 31. Rxe5 Bxe5 32. Bf3 d4 33. Rd1 Kc5 34. cxd4+ 1-0

[Event "Early-Titled-Tuesday-Blitz-September-26-2023"]
[Site "Chess.com"]
[Date "2023.09.26"]
[Round "10"]
[White "GeorgiosSouleidis"]
[Black "amylazy"]
[Result "1-0"]
[WhiteElo "2546"]
[BlackElo "2433"]
[TimeControl "180+1"]
[EndTime "9:52:44 PDT"]
[Termination "GeorgiosSouleidis won by resignation"]

1. e4 c5 2. Be2 Nc6 3. d3 d6 4.
f4 g6 5. Nf3 Bg7 6. O-O Nf6 7. c3 O-O 8. Kh1 b5 9. a3 Bb7 10. Be3 a5 11. Nbd2 b4 12. d4 bxc3 13. bxc3 cxd4 14. cxd4 Ba6 15. Rc1 Ng4 16. Bg1 h5 17.
Rxc6 Bb7 18. Rc2 Bh6 19. Ng5 e5 20. Bxg4 hxg4 21. Qxg4 exf4 22. Ndf3 Qf6 23. d5 Qe7 24. Qh4 Kg7 25. Bd4+ f6 26. Ne6+ 1-0

[Event "Early-Titled-Tuesday-Blitz-September-26-2023"]
[Site "Chess.com"]
[Date "2023.09.26"]
[Round "10"]
[White "HrvojeZagreb"]
[Black "Aleksandar-Topalov"]
[Result "1-0"]
[WhiteElo "2299"]
[BlackElo "2374"]
[TimeControl "180+1"]
[EndTime "9:52:45 PDT"]
[Termination "HrvojeZagreb won by resignation"]

1. f4 Nf6 2. b3 g6 3. Bb2 Bg7 4. Nf3 O-O 5. d3 d5 6. e3 c5 7. Be2 Nc6 8. O-O d4 9. e4 Ng4 10. Bc1 Ne3 11. Bxe3 dxe3 12. c3 e5 13. fxe5 Nxe5 14.
Nxe5 Bxe5 15. Qc1 Qh4 16. g3 Qh6 17. Rf3 f5 18. Qxe3 f4 19. Qxc5 fxg3 20. Qd5+ 1-0

[Event "Early-Titled-Tuesday-Blitz-September-26-2023"]
[Site "Chess.com"]
[Date "2023.09.26"]
[Round "10"]
[White "rasmussvane"]
[Black "DonkyDonkyDonkey"]
[Result "1-0"]
[WhiteElo "2993"]
[BlackElo "2752"]
[TimeControl "180+1"]
[EndTime "9:52:58 PDT"]
[Termination "rasmussvane won by resignation"]

1. Nf3 d5 2. g3 Nc6 3. d4 Bf5 4.
Bg2 Nb4 5. Na3 e6 6. O-O Nc6 7.
Nb1 Nb4 8. Na3 Nc6 9. Nb1 Nb4 10. Ne1 Nf6 11. c3 Nc6 12. Nd3 Be7 13. Bg5 h6 14.
Bxf6 Bxf6 15. Re1 h5 16. Nd2 h4 17. e4 dxe4 18. Nxe4 hxg3 19. hxg3 Bxe4 20. Bxe4 Qd6 21. Nc5 O-O-O 22. Qb3 b6 23. Qb5 Na5 24. Qa6+ Kb8 25. Nb7 1-0

[Event "Early-Titled-Tuesday-Blitz-September-26-2023"]
[Site "Chess.com"]
[Date "2023.09.26"]
[Round "10"]
[White "SargissyanSargis"]
[Black "Eloist"]
[Result "0-1"]
[WhiteElo "2424"]
[BlackElo "2488"]
[TimeControl "180+1"]
[EndTime "9:52:58 PDT"]
[Termination "Eloist won by resignation"]

1. e4 e6 2. d4 d5 3. Nc3 Nf6 4. Bg5 dxe4 5. Nxe4 Be7 6. Bxf6 gxf6 7. c4 f5 8. Nc3 Bf6 9. Nf3 Nc6 10. Qd2 Nxd4 11.
O-O-O Nxf3 12. Qxd8+ Bxd8 13. gxf3 Bd7 14. Nb5 a6 15.
Nd4 c5 16. Nb3 Bc6 17. Be2 b6 18. Rd6 Rc8 19. Rhd1 Be7 20. R6d3 Rd8 21. Rxd8+ Bxd8 22. Rd6 Bb7 23. a4 Bc7 24. Rd1 a5 25. Na1 Bxh2 26. Nc2 Bf4+ 27. Kb1 h5 28. Na3 h4 29. Nb5 Ke7 30. Nc3 h3 0-1

[Event "Early-Titled-Tuesday-Blitz-September-26-2023"]
[Site "Chess.com"]
[Date "2023.09.26"]
[Round "10"]
[White "Alina_Gumerovna"]
[Black "Aswathchess"]
[Result "0-1"]
[WhiteElo "2186"]
[BlackElo "2592"]
[TimeControl "180+1"]
[EndTime "9:53:00 PDT"]
[Termination "Aswathchess won by resignation"]

1. e4 g6 2. d4 Bg7 3. Nf3 d6 4. Bc4 Nf6 5. Qe2 O-O 6. O-O Bg4 7. h3 Bxf3 8. Qxf3 e5 9. dxe5 dxe5 10. Be3 Nc6 11. Rd1 Qe7 12. Nc3 Rad8 13. a3 Nd4 14.
Bxd4 exd4 15. Nd5 Nxd5 16. exd5 Qc5 17. Qd3 Rd6 18. b4 Qb6 19. Re1 a5 20. Rab1 axb4 21. Rxb4 Qa5 22. Re7 Bf6 23. Re4 b6 24. h4 Ra8 25.
Rb3 h5 26. g4 hxg4 27. Rxg4 Qe1+ 28. Qf1 Qxf1+ 29. Kxf1 Ra4 30. Bb5 Ra5 31. Bc6 Kh7 32.
a4 Rc5 33. Rb2 d3 34. Ra2 dxc2 0-1

[Event "Early-Titled-Tuesday-Blitz-September-26-2023"]
[Site "Chess.com"]
[Date "2023.09.26"]
[Round "10"]
[White "Balla_Tamas"]
[Black "zozik"]
[Result "1-0"]
[WhiteElo "2412"]
[BlackElo "2314"]
[TimeControl "180+1"]
[EndTime "9:53:02 PDT"]
[Termination "Balla_Tamas won by resignation"]

1. e4 e6 2. d4 d5 3. Nd2 c5 4.
exd5 Qxd5 5. Ngf3 cxd4 6. Bc4 Qd6 7. O-O Nf6 8. Nb3 Nc6 9. Nbxd4 Nxd4 10. Nxd4 a6 11. Re1 Qc7 12. Bb3 Bd6 13. Nf5 Bxh2+ 14. Kh1 O-O 15. Nxg7 Rd8 16. Qf3 Kxg7 17. Bh6+ Kg6 18.
c3 Nh5 19. Bc1 Bf4 20. Bc2+ f5 21. g4 Bxc1 22. gxh5+ Kf7 23. Raxc1 b5 24. Be4 Rb8 25. Rcd1 Bb7 26. Bxb7 Qxb7 27. Qxb7+ Rxb7 28. Rxd8 1-0

[Event "Early-Titled-Tuesday-Blitz-September-26-2023"]
[Site "Chess.com"]
[Date "2023.09.26"]
[Round "10"]
[White "draksbg"]
[Black "Cambek64"]
[Result "0-1"]
[WhiteElo "2623"]
[BlackElo "2464"]
[TimeControl "180+1"]
[EndTime "9:53:08 PDT"]
[Termination "Cambek64 won by resignation"]

1. e4 e6 2. d4 d5 3. Nd2 Nc6 4. Ngf3 Nf6 5. e5 Nd7 6. c3 f6 7. Bb5 a6 8. Bxc6 bxc6 9. Nf1 fxe5 10. dxe5 Be7 11. Ng3 O-O 12. Qe2 c5 13. O-O a5 14.
Re1 Ba6 15. Qe3 a4 16. Bd2 Bc4 17. Nh5 Qe8 18. Nf4 Qf7 19. h4 Rab8 20. Rab1 Bxa2 21.
Ra1 Bb3 22. g4 Nb6 23. Bc1 d4 24. Qe4 Nd5 25. c4 Nxf4 0-1

[Event "Early-Titled-Tuesday-Blitz-September-26-2023"]
[Site "Chess.com"]
[Date "2023.09.26"]
[Round "10"]
[White "Makswolf200817"]
[Black "CarlosjPineror"]
[Result "1-0"]
[WhiteElo "2722"]
[BlackElo "2561"]
[TimeControl "180+1"]
[EndTime "9:53:16 PDT"]
[Termination "Makswolf200817 won by resignation"]

1. Nf3 d5 2. e3 Nf6 3. c4 c6 4. Nc3 g6 5. d4 Bg7 6. Be2 O-O 7. O-O a6 8. a4 Bg4 9. cxd5 cxd5 10. Qb3 b6 11.
Bd2 Nc6 12. Rfc1 Na5 13. Qd1 e6 14. Ne5 Bxe2 15. Nxe2 Nd7 16. Bxa5 Nxe5 17. Bb4 Nc4 18. Bxf8 Bxf8 19. b3 Na5 20. Nf4 Bd6 21. Nd3 f6 22.
Rc3 h5 23. Rac1 Kf7 24. h3 Qe7 25. Qf3 Kg7 26. e4 dxe4 27. Qxe4 Rd8 28. b4 Nb7 29. Rc6 1-0

[Event "Early-Titled-Tuesday-Blitz-September-26-2023"]
[Site "Chess.com"]
[Date "2023.09.26"]
[Round "10"]
[White "kidagent"]
[Black "stepanosinovsky"]
[Result "0-1"]
[WhiteElo "2267"]
[BlackElo "2376"]
[TimeControl "180+1"]
[EndTime "9:53:19 PDT"]
[Termination "stepanosinovsky won by resignation"]

1. c4 Nf6 2. g3 g6 3. Bg2 Bg7 4.
Nc3 O-O 5. e3 d6 6. Nge2 Nbd7 7.
O-O e5 8. b3 Re8 9. Bb2 a5 10. f4 Nc5 11. fxe5 dxe5 12. d4 exd4 13. exd4 Nce4 14. d5 Ng5 15. Nd4 Ng4 16. Qd2 Ne3 17. Rfe1 Nxg2 18. Kxg2 Bh3+ 19. Kf2 Qf6+ 0-1

[Event "Early-Titled-Tuesday-Blitz-September-26-2023"]
[Site "Chess.com"]
[Date "2023.09.26"]
[Round "10"]
[White "Druid24"]
[Black "Oleksandr_Bortnyk"]
[Result "0-1"]
[WhiteElo "2670"]
[BlackElo "3019"]
[TimeControl "180+1"]
[EndTime "9:53:28 PDT"]
[Termination "Oleksandr_Bortnyk won by resignation"]

1. e4 Nf6 2. e5 Nd5 3. c4 Nb6 4. d4 d6 5. f4 dxe5 6. fxe5 Bf5 7. Nc3 e6 8. Be3 Bb4 9. Nf3 c5 10. dxc5 Qxd1+ 11. Rxd1 Na4 12. Rc1 Nxb2 13. a3 Bxa3 14. Nb5 Bb4+ 15. Bd2 Bxd2+ 16. Kxd2 Na6 17. Nd6+ Ke7 18.
Nxb7 Rab8 19. Nd6 Nxc5 20. Nd4 Ne4+ 21. Ke3 Nxd6 22. Nc6+ Kd7 23. Nxb8+ Rxb8 24. exd6 Rb3+ 25. Kd4 f6 26. c5 Kc6 27. Bb5+ Kxb5 0-1

[Event "Early-Titled-Tuesday-Blitz-September-26-2023"]
[Site "Chess.com"]
[Date "2023.09.26"]
[Round "10"]
[White "Aradhya2000"]
[Black "ellatambien"]
[Result "0-1"]
[WhiteElo "2685"]
[BlackElo "2545"]
[TimeControl "180+1"]
[EndTime "9:53:38 PDT"]
[Termination "ellatambien won by resignation"]

1. d4 Nf6 2. Nf3 d5 3. c4 e6 4.
Nc3 Bb4 5. Qa4+ Nc6 6. Bd2 O-O 7. a3 Bd6 8. e3 dxc4 9. Bxc4 e5 10. h3 exd4 11.
exd4 Re8+ 12. Be3 Bf4 13. O-O-O Bxe3+ 14. fxe3 Rxe3 15. Ne5 Be6 16. Bxe6 fxe6 17. Nxc6 bxc6 18. Qxc6 Rb8 19. Rhe1 Rb6 20. Qxb6 Rxc3+ 21. bxc3 axb6 22. Rxe6 Qd5 23. Re2 Ne4 24. Rf1 h6 25. Rf3 Nd6 26. Re7 Qb3 27. Kd2 Qxa3 28. Rxc7 Qb2+ 29. Ke3 Qc2 30.
g4 b5 31. Rc5 Nc4+ 32. Kf4 Qh2+ 33. Kf5 Qd6 34. Ke4 Nd2+ 35. Ke3 Nxf3 36. Kxf3 Qh2 37. Rxb5 Qxh3+ 38. Kf4 Qxc3 39. Rd5 Kf7 40. Rd7+ Ke6 41. Rd8 Qc7+ 42. Ke4 Qxd8 0-1

[Event "Early-Titled-Tuesday-Blitz-September-26-2023"]
[Site "Chess.com"]
[Date "2023.09.26"]
[Round "10"]
[White "andrzej"]
[Black "FREDERICKtheMATE"]
[Result "1-0"]
[WhiteElo "2475"]
[BlackElo "2596"]
[TimeControl "180+1"]
[EndTime "9:53:40 PDT"]
[Termination "andrzej won by checkmate"]

1. e4 c5 2. Nf3 Nc6 3. d4 cxd4 4. Nxd4 Nf6 5. Nc3 e5 6. Ndb5 d6 7. Bg5 a6 8. Na3 b5 9. Nd5 Be7 10. Bxf6 Bxf6 11. c4 b4 12. Nc2 O-O 13. Qf3 a5 14.
Nxf6+ Qxf6 15. Qxf6 gxf6 16. O-O-O Rd8 17. Be2 Be6 18.
b3 a4 19. Kb2 Kf8 20. Rd2 Ke7 21. Rhd1 Ra5 22. h3 f5 23. exf5 Bxf5 24. Ne3 Be6 25.
Bg4 Nd4 26. Bxe6 Kxe6 27. Nd5 axb3 28. axb3 Rb8 29. f4 f6 30. g4 Rb7 31. f5+ Kf7 32. h4 h6 33. g5 hxg5 34. hxg5 fxg5 35. Rh2 Kg7 36. Rdh1 Rba7 37. Rh7+ Kf8 38. Rh8+ Kf7 39. R1h7# 1-0

[Event "Early-Titled-Tuesday-Blitz-September-26-2023"]
[Site "Chess.com"]
[Date "2023.09.26"]
[Round "10"]
[White "Yurasova_Daria"]
[Black "GMaka"]
[Result "0-1"]
[WhiteElo "2470"]
[BlackElo "2450"]
[TimeControl "180+1"]
[EndTime "9:53:54 PDT"]
[Termination "GMaka won by resignation"]

1. d4 f5 2. Bg5 g6 3. e3 Bg7 4. Nd2 Nf6 5. h4 h6 6. Bf4 O-O 7. Ngf3 d6 8. Bc4+ d5 9. Bb3 c6 10. Ne5 Kh7 11. h5 g5 12. Bxg5 hxg5 13. Ndf3 Ne4 14.
Ng6 Rg8 15. Qd3 Bh6 16. c4 e6 17. Nfe5 Nd7 18. Nf7 Qf6 19. Nxh6 Kxh6 20. O-O-O Nxf2 21. Qe2 Nxd1 22. Rxd1 Nf8 23. Ne5 Bd7 24. g4 Be8 25. gxf5 exf5 26. Rf1 Nd7 27. Ng4+ fxg4 28. Rxf6+ Nxf6 29. Qf2 Nxh5 30. cxd5 g3 31. Qg2 Rf8 32. Qh3 Rf2 33.
Qe6+ Bg6 34. Bc2 Rxc2+ 0-1

[Event "Early-Titled-Tuesday-Blitz-September-26-2023"]
[Site "Chess.com"]
[Date "2023.09.26"]
[Round "10"]
[White "RandomNoob04"]
[Black "Khromkin"]
[Result "1-0"]
[WhiteElo "2624"]
[BlackElo "2394"]
[TimeControl "180+1"]
[EndTime "9:54:03 PDT"]
[Termination "RandomNoob04 won by resignation"]

1. e4 c5 2. d4 cxd4 3. c3 d5 4. exd5 Qxd5 5. cxd4 Nc6 6. Nf3 Bg4 7. Be2 e6 8. Nc3 Qa5 9. O-O Nf6 10. h3 Bh5 11.
a3 Nd5 12. Bd2 Be7 13. Ne4 Qb6 14. Ng3 Bxf3 15. Bxf3 Rd8 16. Bc3 O-O 17. Be4 Bf6 18. Qg4 g6 19. Rad1 Bg7 20. Qf3 Nxd4 21. Bxd4 Bxd4 22.
b4 Nc3 23. Rd3 Nxe4 24. Nxe4 Bg7 25. Rfd1 Rxd3 26. Qxd3 h6 27. Nc5 a5 28. Nd7 Qc6 29.
Nxf8 Bxf8 30. bxa5 Bxa3 31. Qxa3 1-0

[Event "Early-Titled-Tuesday-Blitz-September-26-2023"]
[Site "Chess.com"]
[Date "2023.09.26"]
[Round "10"]
[White "Agibileg"]
[Black "Bauman_Guy"]
[Result "1-0"]
[WhiteElo "2687"]
[BlackElo "2862"]
[TimeControl "180+1"]
[EndTime "9:54:04 PDT"]
[Termination "Agibileg won by checkmate"]

1. d4 Nf6 2. c4 b6 3. f3 g6 4. e4 Bg7 5. Nc3 Bb7 6. Be3 d6 7. Qd2 e5 8. Nge2 Nc6 9. d5 Ne7 10. h4 h5 11. O-O-O a5 12. Kb1 a4 13. Nc1 Nd7 14. g4 Nc5 15. Be2 Bc8 16. gxh5 Rxh5 17. f4 exf4 18. Bxc5 bxc5 19. Bxh5 gxh5 20. Qxf4 a3 21. Rdf1 f5 22. Nb3 Ba6 23. exf5 Be5 24. Qe4 Ng8 25. f6 Nxf6 26. Qg6+ Kd7 27. Qf5+ Ke8 28.
Ne4 Bxc4 29. Qe6+ Kf8 30. Nxf6 Bd3+ 31. Kc1 axb2+ 32. Kd2 Bxf1 33. Qg8+ Ke7 34. Qg7# 1-0

[Event "Early-Titled-Tuesday-Blitz-September-26-2023"]
[Site "Chess.com"]
[Date "2023.09.26"]
[Round "10"]
[White "WPWPWP-2015"]
[Black "KamlaPasand"]
[Result "0-1"]
[WhiteElo "2507"]
[BlackElo "2447"]
[TimeControl "180+1"]
[EndTime "9:54:04 PDT"]
[Termination "KamlaPasand won by checkmate"]

1. d4 d6 2. c4 Nf6 3. Nc3 g6 4.
e4 Bg7 5. Nf3 O-O 6. Be2 e5 7.
O-O Nc6 8. d5 Ne7 9. Ne1 Nd7 10.
Nd3 f5 11. f3 Nf6 12. Be3 f4 13. Bf2 g5 14. c5 h5 15. h3 Ng6 16. cxd6 cxd6 17. Nb5 g4 18. fxg4 hxg4 19. Bxg4 Nxg4 20. hxg4 Bf6 21. Rc1 Rf7 22. Nxa7 Bd7 23. a4 Rh7 24.
Nb5 Qf8 25. Qf3 Qh6 26. Qh3 Qg5 27. Qxh7+ Kxh7 28. Rc7 Qxg4 29. Ba7 Nh4 30. Ne1 f3 31. Rf2 fxg2 32. Nxg2 Rg8 33. Rcc2 Qd1+ 34. Kh2 Rxg2+ 35.
Rxg2 Nf3+ 36. Kg3 Bh4# 0-1

[Event "Early-Titled-Tuesday-Blitz-September-26-2023"]
[Site "Chess.com"]
[Date "2023.09.26"]
[Round "10"]
[White "JoakimVonAnd"]
[Black "TatjanaVasilevich"]
[Result "1-0"]
[WhiteElo "2707"]
[BlackElo "2561"]
[TimeControl "180+1"]
[EndTime "9:54:05 PDT"]
[Termination "JoakimVonAnd won by checkmate"]

1. c4 e5 2. Nf3 Nc6 3. Nc3 Nf6 4. Qc2 Bb4 5. g3 Bxc3 6. bxc3 O-O 7. Bg2 d6 8. O-O h6 9. d3 Nd7 10. e4 f5 11. exf5 Nc5 12. Nh4 Rxf5 13. d4 exd4 14. Nxf5 d3 15. Nxh6+ gxh6 16. Qd2 Qf6 17. Qxh6 Qxh6 18.
Bxh6 Be6 19. Bd5 Bxd5 20. cxd5 Ne5 21. Bf4 Nc4 22. Rab1 b5 23. Rxb5 a5 24. Rd1 Re8 25. Rxc5 dxc5 26. Rxd3 Re7 27. Kf1 Rd7 28. h4 Nb6 29. h5 c6 30. d6 Nd5 31. c4 Nb6 32. Rc3 Kf7 33. g4 Ke6 34. Kg2 Na4 35. Rc2 Nb6 36.
h6 Kf6 37. Kg3 Kg6 38. Be5 Kxh6 39. f4 Kg6 40. f5+ Kf7 41. g5 Kg8 42. g6 Ra7 43. Rh2 Rg7 44. Bxg7 Kxg7 45. d7 Nxd7 46. Rh7+ Kf6 47.
Rxd7 Kxf5 48. g7 Ke6 49. g8=Q+ Kxd7 50. Qf7+ Kd6 51. Kf4 a4 52. Qf6+ Kc7 53. Ke5 Kb6 54. Kd6 a3 55. Qd8+ Kb7 56. Qd7+ Kb8 57. Kxc6 Ka8 58. Qb7# 1-0

[Event "Early-Titled-Tuesday-Blitz-September-26-2023"]
[Site "Chess.com"]
[Date "2023.09.26"]
[Round "10"]
[White "nikitakhoroshev"]
[Black "Lady_Nika"]
[Result "1/2-1/2"]
[WhiteElo "2668"]
[BlackElo "2511"]
[TimeControl "180+1"]
[EndTime "9:54:11 PDT"]
[Termination "Game drawn by agreement"]

1. Nf3 d5 2. g3 Nf6 3. Bg2 g6 4. d4 c6 5. O-O Bg7 6. c4 O-O 7. b3 Nbd7 8. Nc3 Ne4 9. Bb2 e6 10. Nxe4 dxe4 11. Ne5 f5 12. Nxd7 Bxd7 13. f3 exf3 14. Bxf3 Qc7 15. e4 e5 16. d5 cxd5 17. cxd5 fxe4 18. Bxe4 Bh3 19. Bg2 Qc5+ 20. Kh1 Bxg2+ 21.
Kxg2 Rad8 22. Rxf8+ Bxf8 23. Rc1 Qxd5+ 24. Qxd5+ Rxd5 25.
Kf3 Bd6 26. Rc2 Kf7 27. Ke4 Ke6 28. a4 Rd1 29. Re2 a6 30. Bc3 Rb1 31. Bb2 b5 32. axb5 axb5 33. g4 h5 34. gxh5 gxh5 35. h3 Rh1 36. Re3 Rh2 37. Bc3 b4 38. Be1 Rg2 39.
Rg3 Re2+ 40. Re3 Rxe3+ 41. Kxe3 Kd5 42. Kd3 e4+ 43. Ke3 Bc5+ 44. Ke2 Bd4 45. Bxb4 Ke5 46.
Bd2 Bb6 47. Be3 Ba5 48. Kf2 Bb4 49. Ke2 Kf5 50. Bb6 Kf4 51. Bc7+ Kg5 52. Bg3 Kf5 53. Bc7 Kg5 54. Ke3 Kh4 55. Kxe4 Kxh3 56. Kf3 Kh4 57. Bd8+ Kh3 58. Bg5 h4 59. Bf6 Bd6 60. Bg5 Bb4 61.
Bf4 Bc5 62. Bd2 Bf8 1/2-1/2

[Event "Early-Titled-Tuesday-Blitz-September-26-2023"]
[Site "Chess.com"]
[Date "2023.09.26"]
[Round "10"]
[White "Me_ch_an"]
[Black "Rosh1610"]
[Result "0-1"]
[WhiteElo "2336"]
[BlackElo "2463"]
[TimeControl "180+1"]
[EndTime "9:54:12 PDT"]
[Termination "Rosh1610 won on time"]

1. e4 f5 2. exf5 Nf6 3. d4 d5 4. Bd3 e6 5. fxe6 Bd6 6. Nf3 O-O 7. O-O Bxe6 8. h3 Nc6 9. Re1 Qd7 10. Nc3 Rae8 11. Bg5 Nh5 12. Ne5 Nxe5 13. dxe5 Qf7 14. Qe2 Bc5 15. Be3 Nf4 16. Bxf4 Qxf4 17. Rf1 Bxh3 18. Bxh7+ Kxh7 19. Qh5+ Kg8 20. Qxh3 Bxf2+ 21. Kh1 Rxe5 22. Rad1 d4 23. Nb1 Rff5 24. Rxf2 Qxf2 0-1

[Event "Early-Titled-Tuesday-Blitz-September-26-2023"]
[Site "Chess.com"]
[Date "2023.09.26"]
[Round "10"]
[White "TregubovP"]
[Black "Shuvalov"]
[Result "0-1"]
[WhiteElo "2611"]
[BlackElo "2489"]
[TimeControl "180+1"]
[EndTime "9:54:15 PDT"]
[Termination "Shuvalov won by resignation"]

1. e4 e6 2. d4 d5 3. exd5 exd5 4.
Nf3 Nf6 5. Bd3 c5 6. O-O c4 7. Re1+ Be7 8. Bf1 Nc6 9. b3 cxb3 10. axb3 O-O 11. Bf4 Bg4 12. c3 Re8 13. h3 Bh5 14. Nbd2 a5 15. Qc2 Bg6 16. Bd3 Rc8 17. Bxg6 hxg6 18. Qd3 Qb6 19. Ne5 Bf8 20. f3 Nxe5 21. Bxe5 Nd7 22. Bg3 Rxe1+ 23. Rxe1 Bd6 24. Bxd6 Qxd6 25.
c4 Qb4 26. cxd5 Nf6 27. Re5 Rc3 28. Qf1 Qxd4+ 0-1

[Event "Early-Titled-Tuesday-Blitz-September-26-2023"]
[Site "Chess.com"]
[Date "2023.09.26"]
[Round "10"]
[White "KVAIDAN"]
[Black "ChainedDowntohell"]
[Result "0-1"]
[WhiteElo "2285"]
[BlackElo "2462"]
[TimeControl "180+1"]
[EndTime "9:54:17 PDT"]
[Termination "ChainedDowntohell won by checkmate"]

1. f4 b6 2. Nf3 Bb7 3. d3 c5 4. e4 d5 5. e5 e6 6. Be2 Nc6 7.
O-O h5 8. c3 d4 9. Qe1 Nh6 10. c4 Nf5 11. Ng5 Be7 12. Ne4 Qd7 13.
Na3 a6 14. Nc2 b5 15. b4 Nxb4 16. Nxb4 cxb4 17. c5 Bxe4 18. dxe4 Bxc5 19. Bd3 Ne3 20. Rf3 g6 21. Bd2 O-O 22. f5 Qc7 23. Rc1 Qxe5 24.
fxg6 fxg6 25. Rg3 Kh7 26. Qe2 Rac8 27. Re1 Bb6 28. Bc1 Rf6 29. Bb2 Rcf8 30. Qxe3 dxe3 31.
Bxe5 e2+ 32. Re3 Rf1+ 33. Rxf1 Rxf1# 0-1

[Event "Early-Titled-Tuesday-Blitz-September-26-2023"]
[Site "Chess.com"]
[Date "2023.09.26"]
[Round "10"]
[White "skkeyan1309"]
[Black "Sinquefield"]
[Result "1-0"]
[WhiteElo "2731"]
[BlackElo "2552"]
[TimeControl "180+1"]
[EndTime "9:54:19 PDT"]
[Termination "skkeyan1309 won by resignation"]

1. Nf3 Nf6 2. c4 d6 3. Nc3 e5 4.
d4 Nbd7 5. e4 Be7 6. Be2 O-O 7.
O-O c6 8. h3 a6 9. Be3 b5 10. Qc2 Re8 11. Rfd1 Qc7 12. Rac1 b4 13. Na4 a5 14. dxe5 dxe5 15. c5 Nf8 16. Nb6 Rb8 17. Nc4 Ng6 18. Nd6 Rd8 19. Ng5 Bxd6 20. cxd6 Rxd6 21. Bc4 Be6 22. Bxe6 fxe6 23. Rxd6 Qxd6 24.
Qxc6 Qxc6 25. Rxc6 h6 26. Nxe6 Nxe4 27. Rc7 Nf8 28.
Nxg7 Rd8 29. Nf5 Rd1+ 30. Kh2 Rb1 31. Nxh6+ Kh8 32. Nf7+ Kg7 33. Ng5+ 1-0

[Event "Early-Titled-Tuesday-Blitz-September-26-2023"]
[Site "Chess.com"]
[Date "2023.09.26"]
[Round "10"]
[White "pinguino120"]
[Black "carloseduar100"]
[Result "0-1"]
[WhiteElo "2221"]
[BlackElo "2334"]
[TimeControl "180+1"]
[EndTime "9:54:28 PDT"]
[Termination "carloseduar100 won by resignation"]

1. e4 e6 2. d4 d5 3. Nc3 Nf6 4.
e5 Nfd7 5. f4 c5 6. Nf3 Nc6 7.
Be3 Qb6 8. Na4 Qc7 9. Nxc5 Nxd4 10. Nxd4 Bxc5 11. c3 O-O 12. Bd3 g6 13. h4 h5 14.
g4 hxg4 15. Qxg4 Kg7 16. h5 Rh8 17. hxg6 Rxh1+ 18. Kf2 f5 19. Nxe6+ Kg8 20. Qxf5 Bxe3+ 21. Kxe3 Rh3+ 22. Qxh3 Qb6+ 23. Nd4 Nf6 24. Qh6 Ng4+ 25. Kd2 Nxh6 0-1

[Event "Early-Titled-Tuesday-Blitz-September-26-2023"]
[Site "Chess.com"]
[Date "2023.09.26"]
[Round "10"]
[White "Caroexpert"]
[Black "Kostya0705"]
[Result "1-0"]
[WhiteElo "2462"]
[BlackElo "2572"]
[TimeControl "180+1"]
[EndTime "9:54:31 PDT"]
[Termination "Caroexpert won by resignation"]

1. d4 Nf6 2. c4 e6 3. Nc3 Bb4 4. e3 O-O 5. Bd3 c5 6. Ne2 b6 7. a3 Bxc3+ 8. Nxc3 Bb7 9. O-O cxd4 10. exd4 d5 11. Bg5 dxc4 12. Bxc4 Nbd7 13. d5 e5 14. Rc1 h6 15. Bh4 Rc8 16. Ba2 a6 17. Re1 b5 18. Qd2 Qb6 19. d6 Rfd8 20. Rcd1 a5 21. b4 axb4 22. axb4 Rc6 23. Nd5 Qa6 24. Ne7+ Kf8 25.
Nxc6 Qxc6 26. f3 Ra8 27. Bxf6 Nxf6 28. Rxe5 Nd7 29. Re7 1-0